 Dungeon Crawl Stone Soup version 0.27.1-35-g4d5d836560 (webtiles) character file.

Game seed: 5029485949918669398

67 cbfl8 the Sneak (level 4, 0/40 HPs)
             Began as a Minotaur Delver on Mar 26, 2022.
             Slain by an iguana (6 damage)
             ... on level 4 of the Dungeon.
             The game lasted 00:06:10 (2036 turns).

cbfl8 the Sneak (Minotaur Delver)                   Turns: 2036, Time: 00:06:10

Health: 0/40       AC: 10    Str: 18    XL:     4   Next: 0%
Magic:  3/3        EV:  5    Int:  7    God:
Gold:   112        SH:  0    Dex: 11    Spells: 3/3 levels left

rFire    + . .     SeeInvis .   a - +0 hand axe
rCold    . . .     Faith    .   (no shield)
rNeg     . . .     Spirit   .   l - +0 plate armour
rPois    .         Reflect  .   (helmet restricted)
rElec    .         Harm     .   (no cloak)
rCorr    .         Rampage  .   (no gloves)
Will     .....                  (no boots)
Stlth    ..........             (no amulet)
HPRegen  0.13/turn              k - ring of protection from fire
MPRegen  0.08/turn              (no ring)

@: no status effects
A: horns 2, retaliatory headbutt
a: no special abilities


You were on level 4 of the Dungeon.
You visited 1 branch of the dungeon, and saw 2 of its levels.

You collected 112 gold pieces.

Inventory:

Hand Weapons
 a - a +0 hand axe (weapon)
Armour
 b - a +0 leather armour
 j - a +0 ring mail
 l - a +0 plate armour (worn)
Jewellery
 k - a ring of protection from fire (left hand)
Wands
 g - a wand of digging (3)
Scrolls
 c - a scroll of fog
 d - 2 scrolls of magic mapping
 h - a scroll of identify {unknown}
Potions
 f - a potion of haste
 i - a potion of invisibility {unknown}
 m - 2 potions of curing {unknown}


   Skills:
 + Level 4.0 Fighting
 + Level 2.7 Axes
 + Level 1.5 Armour
 + Level 2.2 Dodging
 + Level 5.0 Stealth


You had 3 spell levels left.
You didn't know any spells.
Your spell library contained the following spells:

 Spells                   Type           Power      Damage    Failure   Level
 Call Canine Familiar     Summ           0%         N/A       100%        3
 Portal Projectile        Hex/Tloc       0%         N/A       100%        3
 Leda's Liquefaction      Hex/Erth       0%         N/A       100%        4


Dungeon Overview and Level Annotations

Branches:
Dungeon (5/15)
 Temple: D:4-7

Altars:
Ashenzari
Elyvilon
Gozag
Makhleb
Nemelex Xobeh
Trog
Xom
The Shining One


Innate Abilities, Weirdness & Mutations

You have a pair of horns on your head.
You reflexively headbutt those who attack you in melee.


Message History

You closely miss the jackal. Your headbutt misses the jackal.
The jackal bites you but does no damage.
The jackal completely misses you.
You barely miss the jackal. You closely miss the quokka.
The quokka closely misses you. The jackal barely misses you.
The quokka bites you but does no damage.
You hit the jackal.
You kill the jackal!
You hit the quokka.
The quokka bites you but does no damage.
The quokka bites you.
You see here a jackal corpse.
The quokka barely misses you. The quokka bites you.
The quokka bites you but does no damage.
You hit the quokka.
You kill the quokka!
You have reached level 4!
You feel stronger.
You start resting.
HP restored.
An iguana comes into view.
The iguana hisses angrily.
The iguana bites you. The iguana bites you!
The iguana bites you but does no damage.
You hit the iguana.
The iguana is lightly wounded.
The iguana bites you.
You hit the iguana. You headbutt the iguana.
The iguana is heavily wounded.
The iguana bites you.
You hit the iguana. You headbutt the iguana.
The iguana is almost dead.
The iguana bites you.
You closely miss the iguana. Your headbutt misses the iguana.
The iguana is almost dead.
The iguana bites you!
* * * LOW HITPOINT WARNING * * *
The iguana bites you.
You die...

#...........†..#.#
#.
##.......##########
#. ..........# #.
##.......## #.
#........# #.
#........+ #.
####....## #.
#######.# #.
......l@# #.
#######.##########
#. ###........# #.
#.######## #. #.#
#. #.# #.
##.#############.
#................
##.#############.


You could see an iguana.

Vanquished Creatures
  A centaur skeleton (D:5)
  A hound (D:5)
  An ufetubus (D:4)
  An orc (D:5)
  A jackal (D:4)
  2 quokkas (D:4)
7 creatures vanquished.

Notes
Turn   | Place    | Note
-------+----------+-------------------------------------------
     0 | D:5      | cbfl8 the Minotaur Delver began the quest for the Orb.
     0 | D:5      | Reached XP level 1. HP: 19/19 MP: 0/0
   187 | D:5      | Found a glowing golden altar of the Shining One.
   188 | D:5      | Found a shimmering altar of Xom.
   190 | D:5      | Found a burning altar of Makhleb.
   190 | D:5      | Found a broken altar of Ashenzari.
   190 | D:5      | Found a white marble altar of Elyvilon.
   192 | D:5      | Found a bloodstained altar of Trog.
   193 | D:5      | Found a sparkling altar of Nemelex Xobeh.
   661 | D:5      | Reached skill level 1 in Armour
   661 | D:5      | Reached XP level 2. HP: 21/27 MP: 1/1
   661 | D:5      | Reached XP level 3. HP: 25/33 MP: 2/2
  1409 | D:5      | Noticed a water moccasin
  1790 | D:4      | Found an opulent altar of Gozag.
  1890 | D:4      | Reached skill level 5 in Stealth
  1996 | D:4      | Reached XP level 4. HP: 37/40 MP: 3/3
  2036 | D:4      | Slain by an iguana

Illustrated notes

Levels and vault maps discovered:
D:4:      layout_basic, okawaru_trees_2,
          mainiacjoe_overflow_concentric_impassable, grunt_gozag_breadcrumbs,
          grunt_ministairs_8, kennysheep_small_square
D:5:      layout_gridville, grunt_temple_overflow_open

Skill      XL: |  1  2  3 |
---------------+----------+-----
Armour         | 1 |  1.5
Fighting       | 4 |  4.0
Stealth        | 5 |  5.0
Axes           | |  2.7
Dodging        | |  2.2

Action                   |  1- 3 |  4- 6 || total
-------------------------+-------+-------++-------
Melee: Hand axe          |    37 |     4 ||    41
       Headbutt          |     5 |     2 ||     7
  Use: Scroll            |     1 |       ||     1
Armor: Ring mail         |     7 |       ||     7
       Plate armour      |    23 |     1 ||    24
Dodge: Dodged            |    22 |       ||    22
